 Dungeon Crawl Stone Soup version 0.18-a0-1471-gbbaf034 (webtiles) character file.

6628 MrRokkomies the Nimble (level 11, -3/71 HPs)
             Began as an Octopode Assassin on Mar 1, 2016.
             Was an Elder of Dithmenos.
             Slain by a fire elemental (12 damage)
             ... on level 1 of the Lair of Beasts on Mar 2, 2016.
             The game lasted 01:28:23 (10960 turns).

MrRokkomies the Nimble (Octopode Assassin)         Turns: 10960, Time: 01:28:24

Health: -3/71      AC:  1    Str: 14    XL:     11   Next: 2%
Magic:  11/11      EV: 17    Int: 17    God:    Dithmenos [****..]
Gold:   254        SH:  0    Dex: 13    Spells: 2 memorised, 5 levels left

rFire  . . .     SeeInvis +     a - +0 rapier (pierce)
rCold  . . .     Gourm    .     (no shield)
rNeg   . . .     Faith    .     R - +0 mask of the Dragon {MR+ Slay+3 SInv}
rPois  .         Spirit   .     (no amulet)
rElec  .         Dismiss  .     j - ring of wizardry
rCorr  .         Reflect  .     t - ring of see invisible
SustAt .         Harm     .     y - ring of protection from magic
MR     ++...                    J - +3 ring of strength
Stlth  +++++++...               w - ring of wizardry
                                (no ring)
                                (no ring)
                                (no ring)

@: wreathed by umbra, very resistant to hostile enchantments, extremely stealthy
A: almost no armour, amphibious, 8 rings, constrict 8, camouflage 1, gelatinous
body 1
a: Shadow Step, Renounce Religion


You were on level 1 of the Lair of Beasts.
You worshipped Dithmenos.
Dithmenos was greatly pleased with you.
You were not hungry.

You visited 3 branches of the dungeon, and saw 12 of its levels.
You also visited: Sewer.

You collected 821 gold pieces.
You spent 567 gold pieces at shops.

Inventory:

Hand Weapons
 a - a +0 rapier of piercing (weapon)
 b - a +0 blowgun
Missiles
 c - 102 poisoned needles
 h - 5 poisoned tomahawks
 k - 15 tomahawks (quivered)
 p - a curare-tipped needle
 G - a throwing net
 N - 7 needles of confusion
Armour
 R - the +0 mask of the Dragon (worn) {MR+ Slay+3 SInv}
   (You bought it in a shop on level 10 of the Dungeon)

   It affects your accuracy and damage with ranged weapons and melee attacks
   (+3).
   It affects your resistance to hostile enchantments.
   It lets you see invisible.
Jewellery
 j - a ring of wizardry (left tentacle)
 t - a ring of see invisible (right tentacle)
 w - a ring of wizardry (on tentacle)
 y - a ring of protection from magic (on tentacle)
 J - a +3 ring of strength (on tentacle)
Wands
 d - a wand of acid (3/15)
 I - a wand of lightning (10/15)
 K - a wand of confusion (34/48)
 S - a wand of lightning (10/15)
Scrolls
 m - 8 scrolls of teleportation
 q - a scroll of recharging
 u - 9 scrolls of remove curse
Potions
 l - a potion of resistance
 o - 2 potions of flight
 r - 2 potions of might
 s - a potion of berserk rage
 z - 4 potions of agility {unknown}
 A - 2 potions of cancellation {unknown}
 B - a potion of ambrosia {unknown}
 C - a potion of haste {unknown}
 D - a potion of cure mutation {unknown}
Books
 e - a book of Debilitation

   Spells                             Type                      Level
   a - Corona                         Hexes                        1
   b - Slow                           Hexes                        2
   c - Gell's Gravitas                Hexes/Translocation          3
   d - Inner Flame                    Hexes/Fire                   3
   e - Cause Fear                     Hexes                        4
   f - Leda's Liquefaction            Hexes/Earth                  4
Miscellaneous
 O - a fan of gales (inert)
Comestibles
 f - 5 bread rations
 g - 2 meat rations
 i - 3 chunks of flesh
 x - 3 beef jerkies
 M - 4 fruits
 Q - a royal jelly


   Skills:
 - Level 5.0 Fighting
 - Level 8.0(8.5) Short Blades
   Level 4.1(6.6) Long Blades
 - Level 5.1 Throwing
 - Level 10.0 Dodging
 - Level 6.0 Stealth
 * Level 3.2 Ice Magic
 * Level 3.1 Air Magic
 - Level 5.0 Poison Magic


You had 5 spell levels left.
You knew the following spells:

 Your Spells              Type           Power        Failure   Level  Hunger
a - Mephitic Cloud        Conj/Pois/Air  #.......     7%          3    ####...
b - Ensorcelled Hibernat  Hex/Ice        #.....       5%          2    ###....


Dungeon Overview and Level Annotations

Branches:
Dungeon (10/15)            Temple (0/1) D:7            Lair (1/8) D:9
    Orc (1/2) D:10

Altars:
Dithmenos
Elyvilon
Fedhas
Kikubaaqudgha
Makhleb
Okawaru
Qazlal
Ru
Sif Muna
Trog
Xom
Yredelemnul

Shops:
D:4 ::[*%   D:7 (   D:8 (?(((   D:9 (   D:10 [

Annotations:
D:3 ldierk's ghost, amateur HOFi


Innate Abilities, Weirdness & Mutations

You cannot wear most types of armour.
You are amphibious.
You can wear up to eight rings at the same time.
You can use your tentacles to constrict eight enemies at once.
Your skin changes colour to match your surroundings (Stealth).
Your rubbery body absorbs attacks (AC +1).


Message History

The fire elemental burns you!
* * * LOW HITPOINT WARNING * * *
Drink which item? (? for menu, Esc to quit)
You feel better.
The fire elemental completely misses you.
The fire elemental hits you.
* * * LOW HITPOINT WARNING * * *
The fire elemental burns you!
* * * LOW HITPOINT WARNING * * *
Drink which item? (? for menu, Esc to quit)
You feel better.
The fire elemental completely misses you.
Read which item? (? for menu, Esc to quit)
Okay, then.
Evoke which item? (* to show all) (? for menu, Esc to quit)
A fierce wind blows from the fan.
The winds coalesce and take form.
The fire elemental hits you.
* * * LOW HITPOINT WARNING * * *
The fire elemental burns you!
You die...

.................# #....
.................# #....
.................# #.÷..
.................# ###....
.................# ####≈#..§§
<................# ##≈≈§≈≈..§§
.##########.P#...######§§≈≈≈§..§§
.# ####............§....§≈ .#
#..@..........§...§§ .#
#..E...E..........≈§ .#
#..(...............§ .#
#............§.§.§.. .#
#....?.≈≈§≈≈≈≈.≈≈≈≈§
..........≈.....≈§§≈§≈§
..........≈.....≈§≈≈≈§≈
#........(≈.....≈.≈§§§≈
#.........§.....≈§≈≈§§§


You could see a fire elemental and a friendly air elemental.

Vanquished Creatures
  A troll (D:9)
  A two-headed ogre (D:8)
  A fire elemental (Lair:1)
  2 hippogriffs (D:9)
  Menkaure (D:6)
  A hungry ghost (D:7)
  2 wargs (D:10)
  Duvessa (D:6)
  An ice beast (D:7)
  4 sky beasts
  6 orc warriors
  2 phantoms
  A black bear (D:10)
  2 necrophages
  6 ogres
  2 centaurs (D:7)
  2 crocodiles
  Blork the orc (D:6)
  5 big kobolds
  4 giant frogs
  A wyvern zombie (D:10)
  2 gnoll sergeants (D:7)
  4 scorpions
  Dowan (D:6)
  5 wights
  2 howler monkeys
  4 crimson imps
  A centaur zombie (D:8)
  A quasit (D:8)
  11 hounds
  2 jellies
  4 orc wizards
  6 orc priests
  5 iguanas
  A gnoll shaman (D:7)
  Terence (D:2)
  Natasha (D:2)
  4 worker ants
  6 gnolls (D:7)
  A howler monkey skeleton (D:7)
  12 adders
  A river rat (Sewer)
  5 shadow imps
  2 adder zombies
  An adder skeleton (D:4)
  8 worms
  5 dart slugs
  5 giant geckos
  33 orcs
  A ball python (D:4)
  2 giant cockroaches (D:2)
  7 goblins
  17 hobgoblins
  8 jackals
  43 kobolds
  2 quokkas
  6 bats
  2 giant gecko skeletons
  5 giant newts
  A quokka zombie (D:5)
  10 rats
  A fungus (D:9)
286 creatures vanquished.

Vanquished Creatures (others)
  A fungus (D:7)
1 creature vanquished.

Grand Total: 287 creatures vanquished

Notes
Turn   | Place    | Note
--------------------------------------------------------------
     0 | D:1      | MrRokkomies the Octopode Assassin began the quest for the Orb.
     0 | D:1      | Reached XP level 1. HP: 14/14 MP: 1/1
   216 | D:1      | Reached XP level 2. HP: 14/19 MP: 2/2
   418 | D:1      | Reached skill level 2 in Dodging
   753 | D:1      | Reached XP level 3. HP: 24/24 MP: 3/3
  1003 | D:2      | Noticed Natasha
  1014 | D:2      | Killed Natasha
  1014 | D:2      | Reached XP level 4. HP: 29/29 MP: 4/4
  1016 | D:2      | Noticed Terence
  1025 | D:2      | Killed Terence
  1073 | D:2      | Found a shadowy altar of Dithmenos.
  1112 | D:2      | Became a worshipper of Dithmenos the Shadowed
  1409 | D:2      | Reached XP level 5. HP: 29/35 MP: 5/5
  1724 | D:3      | Found an ancient bone altar of Kikubaaqudgha.
  1757 | D:3      | Reached * piety under Dithmenos
  1821 | D:3      | Found a glowing drain.
  1826 | Sewer    | Entered a sewer
  1979 | Sewer    | Noticed a big kobold
  1990 | Sewer    | Killed a big kobold
  1990 | Sewer    | Reached XP level 6. HP: 41/43 MP: 6/6
  2353 | D:3      | Noticed ldierk's ghost (amateur HOFi)
  2472 | D:4      | Reached skill level 5 in Short Blades
  2485 | D:4      | Found Kiguruydgh's Book Shop.
  2525 | D:4      | Found Azenagh's Book Boutique.
  2666 | D:4      | Reached ** piety under Dithmenos
  2849 | D:4      | Reached XP level 7. HP: 28/49 MP: 7/7
  2999 | D:4      | Found Nexi's Assorted Antiques.
  3003 | D:4      | Found Zifiuritt's Food Emporium.
  3075 | D:4      | Found a white marble altar of Elyvilon.
  3075 | D:4      | Found an iron altar of Okawaru.
  3101 | D:4      | Found a sacrificial altar of Ru.
  3145 | D:4      | Found Towk's Antique Armour Shoppe.
  3168 | D:5      | Entered Level 5 of the Dungeon
  3212 | D:5      | Reached skill level 5 in Fighting
  3340 | D:5      | Found an iron altar of Okawaru.
  3556 | D:5      | Reached skill level 3 in Dodging
  3781 | D:5      | Reached XP level 8. HP: 45/55 MP: 8/8
  3813 | D:5      | Reached skill level 4 in Dodging
  3818 | D:5      | Found a shimmering altar of Xom.
  4012 | D:6      | Noticed Dowan
  4017 | D:6      | Noticed Duvessa
  4023 | D:6      | Killed Dowan
  4025 | D:6      | Killed Duvessa
  4321 | D:6      | Noticed Blork the orc
  4333 | D:6      | Killed Blork the orc
  4333 | D:6      | Reached skill level 5 in Dodging
  4755 | D:6      | Noticed Menkaure
  4761 | D:6      | Killed Menkaure
  4761 | D:6      | Reached skill level 6 in Dodging
  4761 | D:6      | Reached XP level 9. HP: 60/60 MP: 4/9
  5247 | D:7      | Found Ewkibij's Weapon Emporium.
  5318 | D:7      | Learned a level 3 spell: Mephitic Cloud
  5399 | D:7      | Reached *** piety under Dithmenos
  5589 | D:7      | Reached skill level 7 in Dodging
  6019 | D:7      | Found a blossoming altar of Fedhas.
  6027 | D:7      | Found a stormy altar of Qazlal.
  6132 | D:7      | Reached skill level 5 in Throwing
  6330 | D:7      | Reached skill level 1 in Long Blades
  6408 | D:7      | Reached skill level 8 in Dodging
  6893 | D:7      | Found a staircase to the Ecumenical Temple.
  6927 | D:7      | Found a bloodstained altar of Trog.
  7116 | D:8      | Found Ylad's Weapon Boutique.
  7123 | D:8      | Reached XP level 10. HP: 60/65 MP: 10/10
  7125 | D:8      | Reached **** piety under Dithmenos
  7200 | D:8      | Found Sixkiyget's Magic Scroll Shop.
  7292 | D:8      | Found a burning altar of Makhleb.
  7349 | D:8      | Found Jumo's Antique Weapon Shop.
  7514 | D:8      | Found Susoip's Antique Weapon Emporium.
  7573 | D:8      | Reached skill level 9 in Dodging
  7698 | D:8      | Found Netrax's Weapon Shop.
  8017 | D:9      | Reached skill level 1 in Poison Magic
  8456 | D:9      | Found Ykked's Weapon Shoppe.
  8523 | D:9      | Found a staircase to the Lair.
  8589 | D:9      | Found a deep blue altar of Sif Muna.
  8685 | D:9      | Learned a level 2 spell: Ensorcelled Hibernation
  8838 | D:9      | Found a basalt altar of Yredelemnul.
  8940 | D:10     | Entered Level 10 of the Dungeon
  9253 | D:10     | Found Kouberr's Armour Shop.
  9303 | D:10     | Found a staircase to the Orcish Mines.
  9365 | D:10     | Bought the +0 mask of the Dragon {MR+ Slay+3 SInv} for 567 gold pieces
  9599 | D:10     | Reached skill level 10 in Dodging
  9599 | D:10     | Reached skill level 5 in Poison Magic
  9672 | D:10     | Upgraded the game from 0.18-a0-1454-g5e6cd1e to 0.18-a0-1471-gbbaf034
  9702 | D:10     | Reached skill level 1 in Ice Magic
  9702 | D:10     | Reached skill level 1 in Air Magic
 10031 | Orc:1    | Entered Level 1 of the Orcish Mines
 10060 | D:10     | HP: 2/66 [warg (15)]
 10344 | Lair:1   | Entered Level 1 of the Lair of Beasts
 10462 | Lair:1   | Reached XP level 11. HP: 12/71 MP: 11/11
 10960 | Lair:1   | Slain by a fire elemental

Vault maps used:
D:1:      minmay_arrival_hallway, item_on_display_a
D:2:      nicolae_overflow_crystal_walls, uniq_terence, uniq_natasha
D:3:      kiku_gazebo_pond_becter, gup_sewer_entry_bowl,
          minmay_rats_cheesy_pizza
D:4:      nicolae_ru_the_path_less_chosen, gammafunk_temple_overflow_elements,
          serial_shops, nicolae_shop_behind_doors, nicolae_shop_stone, shop,
          kennysheep_little_box, shop, minmay_liquid_box,
          kennysheep_small_square
D:5:      xom_teletrap_fun, first_bread, okawaru_altar_gauntlet_db
D:6:      minmay_misc_feat_columns, kennysheep_cluttered_room, uniq_duvessa,
          uniq_blork_the_orc, uniq_menkaure
D:7:      kennysheep_housing_project, grunt_temple_overflow_forces_of_nature,
          kennysheep_mini_moat, minmay_temple_entry_nine_rooms, serial_shops,
          nicolae_shop_window_shopping
D:8:      bloody_makhleb, serial_shops, shop_fountains, shop_fountains,
          nicolae_shop_overgrown_old_shop, shop_statue, nicolae_shop_statue_plus
D:9:      led_sif_pool, lemuel_coloured_pillars_altar, dpeg_oklobed_lair,
          serial_shops, nicolae_shop_trees
D:10:     orc_david_3
Orc:1:    serial_shops, nicolae_shop_overgrown_old_shop, basic_altar,
          mines2_david
Sewer:    sewer_co_15_rooms

Skill      XL: |  1  2  3  4  5  6  7  8  9 10 |
---------------+-------------------------------+-----
Dodging        | 2 3 6 8 10 | 10.0
Short Blades   | 3 4 5 6 8 |  8.0
Stealth        | 6 |  6.0
Fighting       | 3 4 5 |  5.0
Throwing       | 5 |  5.1
Long Blades    | 2 4 |  4.1
Poison Magic   | 5 |  5.0
Ice Magic      | 3 |  3.2
Air Magic      | 3 |  3.1

Action                   |  1- 3 |  4- 6 |  7- 9 | 10-12 || total
-------------------------+-------+-------+-------+-------++-------
Melee: Dagger            |    44 |   141 |    84 |     4 ||   273
       Rapier            |       |       |   138 |   233 ||   371
 Fire: Blowgun           |     3 |    18 |    97 |    94 ||   212
Throw: Tomahawk          |     9 |    10 |    18 |    11 ||    48
       Throwing net      |       |       |     1 |       ||     1
 Cast: Ensorcelled Hiber |       |       |       |     3 ||     3
Invok: Shadow Step       |       |       |     1 |     1 ||     2
Evoke: Wand              |       |       |       |     1 ||     1
       Fan of gales      |       |       |       |     1 ||     1
  Use: Scroll            |     2 |     7 |     9 |     2 ||    20
       Potion            |       |       |     1 |     7 ||     8
 Stab: Sleeping          |    12 |    21 |    18 |    15 ||    66
       Distracted        |       |       |     1 |       ||     1
  Eat: Chunk             |       |     5 |    14 |    12 ||    31
       Pizza             |       |       |       |     1 ||     1
